 Dungeon Crawl Stone Soup version 0.31-a0-795-g5eb97db20b (webtiles) character file.

Game seed: 6238413194817018593

(classic levelgen) 29 Amnesiac the Magician (level 3, 0/25 HPs)
             Began as a Djinni Fire Elementalist on Sept 18, 2023.
             Killed themself with a badly aimed concussive blast (3 damage)
             ... on level 1 of the Dungeon.
             The game lasted 00:05:17 (577 turns).

Amnesiac the Magician (Djinni Fire Elementalist)     Turns: 577, Time: 00:05:18

Health: 0/25       AC:  2    Str:  7    XL:     3   Next: 32%
Gold:   31         EV: 12    Int: 18    God:
                   SH:  0    Dex: 13

rFire   + + .        (no weapon)
rCold   x . .        (no shield)
rNeg    . . .        a - +0 robe
rPois   ∞            (no helmet)
rElec   .            (no cloak)
rCorr   .            (no gloves)
SInv    .            (boots unavailable)
Will    .....        (no amulet)
Stlth   ++           (no ring)
HPRegen 0.24/turn    (no ring)
MPRegen 0.00/turn

%: infuse magic (-1 HP)
@: flying
A: sickness immunity, fire resistance 2, cold vulnerability 1, float, innate
caster, HP casting, extra vitality 1
a: no special abilities


You were on level 1 of the Dungeon.
You visited 1 branch of the dungeon, and saw 1 of its levels.

You collected 31 gold pieces.

Inventory:

Armour
 a - a +0 robe (worn)
 e - a +2 leather armour of fire resistance
Scrolls
 c - 3 scrolls of identify {!r, unknown}
 d - a scroll of vulnerability {!r, unknown}
Potions
 b - 3 potions of curing {!q, unknown}
 f - a potion of ambrosia {!q, unknown}
 g - a potion of cancellation {!q, unknown}


   Skills:
 - Level 2.1 Dodging
 - Level 1.5 Stealth
 + Level 3.7 Spellcasting
 + Level 3.7 Conjurations
 + Level 3.7 Hexes
 + Level 3.7 Summonings
 + Level 3.7 Necromancy
 + Level 3.7 Translocations
 + Level 3.7 Transmutations
 + Level 3.7 Fire Magic
 + Level 3.7 Ice Magic
 + Level 3.7 Air Magic
 + Level 3.7 Earth Magic
 + Level 3.7 Poison Magic


You knew the following spells:

 Your Spells              Type           Power      Damage    Failure   Level
a - Scorch                Fire           32%        2d6       4%          2
b - Foxfire               Conj/Fire      64%        2x1d7     3%          1
d - Inner Flame           Hex/Fire       16%        N/A       10%         3
e - Flame Wave            Conj/Fire      16%        2d7       32%         4
f - Apportation           Tloc           32%        N/A       3%          1
s - Volatile Blastmotes   Fire/Tloc      32%        2d12      10%         3
Your spell library was empty.

Dungeon Overview and Level Annotations

Branches:
Dungeon (1/15)

Altars:


Innate Abilities, Weirdness & Mutations

You are immune to sickness and miasma.
You are immune to poison.
Your flesh is very heat resistant. (rF++)
You are vulnerable to cold. (rC-)
You float through the air rather than walking.
You learn spells naturally, not from books.
Your magical power is your life essence.
You have superior vitality. (+4 MHP)


Message History

A cloud of volatile blastmotes flares up around you!
The kobold throws a stone.
The stone hits you but does no damage.
The cloud of blastmotes explodes!
The concussive blast engulfs the kobold.
You kill the kobold!
Things that are here:
a +0 short sword; 3 stones; a kobold corpse You see here 3 stones.
A hobgoblin comes into view.
A hobgoblin is nearby!
A hobgoblin is nearby!
A hobgoblin is nearby!
The hobgoblin shouts!
Casting: Volatile Blastmotes (quite dangerous; 10% risk of failure)
Confirm with . or Enter, or press ? or * to list all spells.
You can't see any susceptible monsters within range! (Use Z to cast anyway.) Adjust (i)tems, (s)pells, or (a)bilities?
Adjust which spell?
Okay, then.
Unknown command.
Casting: Volatile Blastmotes (quite dangerous; 10% risk of failure)
Confirm with . or Enter, or press ? or * to list all spells.
A cloud of volatile blastmotes flares up around you!
The cloud of blastmotes explodes!
The concussive blast engulfs the hobgoblin.
The hobgoblin is severely wounded.
Casting: Volatile Blastmotes (quite dangerous; 10% risk of failure)
Confirm with . or Enter, or press ? or * to list all spells.
A cloud of volatile blastmotes flares up around you!
The hobgoblin closely misses you.
The hobgoblin attacks as it pursues you!
The hobgoblin misses you.
You see here 3 stones.
The hobgoblin hits you. The hobgoblin barely misses you.
The hobgoblin hits you. The hobgoblin barely misses you.
The hobgoblin barely misses you.
You hit the hobgoblin but do no damage.
The hobgoblin is heavily wounded.
The hobgoblin barely misses you.
You hit the hobgoblin.
The hobgoblin is severely wounded.
The hobgoblin closely misses you. The hobgoblin hits you.
The hobgoblin hits you.
* * * LOW HITPOINT WARNING * * *
The hobgoblin barely misses you. The hobgoblin hits you.
* * * LOW HITPOINT WARNING * * *
Things that are here:
a +0 short sword; 3 stones; a kobold corpse
Casting: Volatile Blastmotes (quite dangerous; 10% risk of failure)
Confirm with . or Enter, or press ? or * to list all spells.
A cloud of volatile blastmotes flares up around you!
* * * LOW HITPOINT WARNING * * *
The hobgoblin attacks as it pursues you!
The hobgoblin hits you.
* * * LOW HITPOINT WARNING * * *
The cloud of blastmotes explodes!
The concussive blast engulfs the hobgoblin!!
You kill the hobgoblin!
The concussive blast engulfs you. You resist.
You die...

############
........).>#
########.#># ######
#.#.# #(...# #.#.#
#.#.## #.#.# #.#.#
#.#.# #.#.# ###.#.#
#)#.#
##.....#####@#.#
####..#.........#.#
#....############.#
##.................#
...#################
##.# ##.# ...# ####


There were no monsters in sight!

Vanquished Creatures
  A bat (D:1)
  4 endoplasms (D:1)
  2 giant cockroaches (D:1)
  5 goblins (D:1)
  5 hobgoblins (D:1)
  2 quokkas (D:1)
  2 ball pythons (D:1)
  A frilled lizard (D:1)
  2 kobolds (D:1)
  2 rats (D:1)
26 creatures vanquished.

Vanquished Creatures (others)
  43 foxfires (D:1)
43 creatures vanquished.

Grand Total: 69 creatures vanquished

Notes
Turn   | Place    | Note
-------+----------+-------------------------------------------
     0 | D:1      | Amnesiac the Djinni Fire Elementalist began the quest for
                  | the Orb.
     0 | D:1      | Amnesiac set off with the following spells memorised:
                  | Foxfire, Scorch, Volatile Blastmotes, Inner Flame, Flame
                  | Wave.
     0 | D:1      | Reached XP level 1. HP: 15/15 MP: 0/0
   144 | D:1      | Reached XP level 2. HP: 19/21 MP: 0/0
   390 | D:1      | Reached XP level 3. HP: 24/25 MP: 0/0
   390 | D:1      | Learned a level 1 spell: Apportation
   577 | D:1      | Killed themself with a badly aimed concussive blast

Illustrated notes

Levels and vault maps discovered:
D:1:      lemuel_arrival_rhombus, layout_basic

Skill      XL: | |
---------------+-+-----
Spellcasting   | |  3.7
Conjurations   | |  3.7
Hexes          | |  3.7
Summonings     | |  3.7
Necromancy     | |  3.7
Translocations | |  3.7
Transmutations | |  3.7
Fire Magic     | |  3.7
Ice Magic      | |  3.7
Air Magic      | |  3.7
Earth Magic    | |  3.7
Poison Magic   | |  3.7
Dodging        | |  2.1
Stealth        | |  1.5

Action                     || total
---------------------------++-------
  Melee: Unarmed           ||     2
   Cast: Foxfire           ||    41
         Volatile Blastmot ||     8
         Scorch            ||     3
 Armour: Robe              ||    17
  Dodge: Dodged            ||    16

Table legend: (Time is in decaauts)
 A = Elapsed time spent in this place.
 B = Non-inter-level travel time spent in this place.
 C = Inter-level travel time spent in this place.
 D = Time resting spent in this place.
 E = Time spent auto-exploring this place.
 F = Levels seen in this place.
 G = Mean time per level.
                   A        B        C        D        E       F      G
               +--------+--------+--------+--------+--------+-----+--------+
         Total |    577 |    577 |      0 |     42 |    349 |   1 |  577.0 |
       Dungeon |    577 |    577 |      0 |     42 |    349 |   1 |  577.0 |
               +--------+--------+--------+--------+--------+-----+--------+

Top non-repeatable levels by time:
     D:1: 577 daAuts
